 Dungeon Crawl Stone Soup version 0.31-a0-133-gaae73658be (webtiles) character file.

Game seed: 16866594450366423367

3441 Drazool the Skirmisher (level 9, 8/48 HPs)
             Began as a Spriggan Hunter on June 2, 2023.
             Was a Follower of Fedhas.
             Quit the game on level 8 of the Dungeon.
             The game lasted 00:22:33 (7315 turns).

Drazool the Skirmisher (Spriggan Hunter)            Turns: 7315, Time: 00:22:33

Health: 8/48       AC:  7    Str:  7    XL:     9   Next: 77%
Magic:  15/15      EV: 29    Int: 11    God:    Fedhas [*.....]
Gold:   390        SH:  0    Dex: 22    Spells: 8/8 levels left

rFire   . . .        a - +0 shortbow
rCold   . . .        (shield currently unavailable)
rNeg    + . .        F - +0 steam dragon scales
rPois   .            (helmet restricted)
rElec   .            g - +1 cloak
rCorr   .            (gloves unavailable)
SInv    +            (boots unavailable)
Will    +....        r - amulet of the acrobat
Stlth   ++           N - ring of positive energy
HPRegen 0.28/turn    E - +5 ring of evasion
MPRegen 0.14/turn

%: acrobat
@: lethally poisoned (8 -> -3), attractive, very quick
A: very small, no large weapons, unfitting armour, see invisible, speed 3
a: Renounce Religion


You were on level 8 of the Dungeon.
You worshipped Fedhas.
Fedhas was aware of your devotion.
You visited 2 branches of the dungeon, and saw 9 of its levels.
You also visited: Ossuary.

You collected 448 gold pieces.
You spent 58 gold pieces at shops.


Innate Abilities, Weirdness & Mutations

You are very small and have problems with some larger weapons.
You are too small for most types of armour.
You have supernaturally acute eyesight. (SInv)
You cover ground extremely quickly. (Speed+++)


   Skills:
 + Level 6.0 Fighting
 - Level 9.1 Ranged Weapons
 - Level 8.0 Dodging
 - Level 1.5 Stealth
 + Level 6.8 Invocations


You had 8 spell levels left.
You didn't know any spells.
Your spell library contained the following spells:

 Spells                   Type           Power      Damage    Failure   Level
 Ensorcelled Hibernation  Hex/Ice        0%         N/A       47%         2
 Passwall                 Tmut/Erth      0%         N/A       47%         2
 Frozen Ramparts          Ice            0%         1d1       71%         3
 Gell's Gravitas          Tloc           0%         N/A       71%         3
 Swiftness                Air            0%         N/A       71%         3
 Teleport Other           Tloc           0%         N/A       71%         3
 Volatile Blastmotes      Fire/Tloc      0%         2d10      71%         3
 Fulminant Prism          Conj/Hex       0%         3d5       98%         4
 Ice Form                 Ice/Tmut       0%         N/A       98%         4
 Iskenderun's Mystic Bla  Conj/Tloc      0%         2d3       98%         4
 Summon Ice Beast         Ice/Summ       0%         N/A       98%         4
 Lee's Rapid Deconstruct  Erth           0%         3d4*      100%        5
 Dispersal                Tloc           0%         N/A       100%        6

Inventory:

Hand Weapons
 a - a +0 shortbow (weapon)
Armour
 c - a +0 robe
 g - a +1 cloak (worn)
 F - +0 steam dragon scales (worn)
Jewellery
 r - an amulet of the acrobat (around neck)
 E - a +5 ring of evasion (right hand)
 I - a +6 ring of intelligence
 N - a ring of positive energy (left hand)
 R - a ring of resist corrosion
Wands
 o - a wand of flame (43)
 B - a wand of charming (9)
 C - a wand of roots (5)
Scrolls
 b - a scroll of butterflies
 h - a scroll of brand weapon
 j - a scroll of enchant armour
 k - a scroll of enchant weapon
 l - 2 scrolls of teleportation {@r2}
 n - a scroll of acquirement {unknown}
 q - a scroll of magic mapping
 t - 2 scrolls of amnesia
 v - a scroll of fog {unknown}
 y - 2 scrolls of blinking
 D - a scroll of silence {unknown}
Potions
 d - 3 potions of haste {unknown}
 i - 2 potions of lignification
 m - 2 potions of invisibility {unknown}
 p - 2 potions of attraction
 u - a potion of magic {unknown}
 w - a potion of brilliance {unknown}
 x - a potion of might {unknown}
 z - a potion of berserk rage {unknown}
 A - 2 potions of enlightenment {unknown}
 G - a potion of cancellation {unknown}

Dungeon Overview and Level Annotations

Branches:
Dungeon (8/15)             Temple (1/1) D:6         Ossuary (visited)
   Lair: D:8-11

Altars:
Ashenzari
Cheibriados
Dithmenos
Elyvilon
Fedhas
Hepliaklqana
Kikubaaqudgha
Makhleb
Okawaru
Qazlal
Ru
Trog
Vehumet
Wu Jian
Yredelemnul
Zin
The Shining One

Shops:
D:5 *   D:6 [ D:7

*
**,,,,,,,~*,*~~.#.*******#..#.#**
**,,,,,,~~*,*#~..,,,,,,,,....>.,,
,,,,****~**,,#~.#,*.#***##..#.#**
,,,,,,,,~*,,,#~.#,...,,,,.....# *
,*,,,,,*~*,*,#~~#*#.#****#.##.# *
,*,,,,,,~*,,,##~# #.# #.##.###
,*,,,,,~~*,,*,#y###.######.......
,*,,,,~~**,*,~#y##.........##.###
,,,,,~~**,*,*,#y@..........##'###
**,,,~****,~,*#~#y...............
,,,,,~*~*,*,*,#~~##'#####........
**,,,~~~*~,*,~##~~.)....'........
**,,,,,~*,*,*,###~#.#####........
,*,,,,,~**,~,,#~#~..# #........
,,,,,,,~*,*,,*#~~~..# ###......
,,,***,~*~,,*~#~#...# #.#..##
,,,,,,,~**,*,,#~#...#### #.#..#


You could see 4 killer bees.


Message History

The killer bee stings you!
* * * LOW HITPOINT WARNING * * *
The killer bee stings you but does no damage.
Unknown command.
You shoot an arrow.
The arrow closely misses the killer bee.
You feel sick. The killer bee barely misses you.
The killer bee stings you but does no damage.
The killer bee completely misses you.
Unknown command.
You shoot an arrow. The arrow hits the killer bee.
You kill the killer bee!
Fedhas appreciates your contribution to the ecosystem.
You feel sick.
The killer bee stings you but does no damage.
The killer bee stings you.
* * * LOW HITPOINT WARNING * * *
You are more poisoned.
The killer bee poisons you!
The killer bee stings you but does no damage.
Your Fighting skill increases to level 6!
It was a potion of attraction.
You feel attractive to monsters.
You feel less wooden.
Your +1 cloak unmelds from your body.
Your +0 steam dragon scales unmelds from your body.
* * * LOW HITPOINT WARNING * * *
You feel very sick. The killer bee misses you.
The killer bee completely misses you. x2
The killer bee misses you.
The killer bee completely misses you. x2
Are you sure you want to abandon this character and quit the game? (Confirm with "yes".)

Skill      XL: |  1  2  3  4  5  6  7  8  9 |
---------------+----------------------------+-----
Dodging        | 3 4 5 6 7 8 |  8.0
Ranged Weapons | 5 6 7 8 9 |  9.1
Fighting       | 3 6 |  6.0
Invocations    | 4 6 |  6.8
Stealth        | |  1.5

Action                     |  1- 3 |  4- 6 |  7- 9 || total
---------------------------+-------+-------+-------++-------
   Fire: Shortbow          |    91 |   128 |   574 ||   793
    Use: Scroll            |     3 |     2 |     7 ||    12
         Potion            |       |       |     6 ||     6
 Armour: Robe              |     3 |     1 |     3 ||     7
         Skin              |       |       |   103 ||   103
         Steam dragon scal |       |       |    11 ||    11
  Dodge: Dodged            |    23 |     8 |   265 ||   296

Levels and vault maps discovered:
D:1:      co_arrival_square_in_a_square_in_a_square, layout_basic,
          hangedman_decor_points
D:2:      layout_basic, dk_vineyard_2, chequers_serial_rivers_micro_e
D:3:      layout_basic, mainiacjoe_overflow_tiny_flanked, uniq_grinder
D:4:      layout_gridville, amethyst_killhole
D:5:      layout_basic, yredelemnul_forgotten_temple_becter,
          lemuel_doored_altar, lemuel_tele_altar,
          hellmonk_okawaru_the_only_friend_you_need, serial_shops, shop,
          enter_ossuary_2
D:6:      kennysheep_steamy, layout_cave_pools, temple_fountains, serial_shops,
          nicolae_shop_stone, minmay_quadrilaterals, uniq_menkaure,
          uniq_prince_ribbit1
D:7:      layout_gridville, serial_shops, shop, kennysheep_generic_room_11
D:8:      layout_basic, lemuel_crystal_altar, minmay_manual_mullet, uniq_maggie,
          uniq_psyche
Temple:   minmay_freezing_vapour_temple

Notes
Turn   | Place    | Note
-------+----------+-------------------------------------------
     0 | D:1      | Drazool the Spriggan Hunter began the quest for the Orb.
     0 | D:1      | Reached XP level 1. HP: 10/10 MP: 2/2
   257 | D:1      | Reached skill level 3 in Dodging
   335 | D:1      | Reached XP level 2. HP: 14/14 MP: 3/3
  1183 | D:2      | Reached XP level 3. HP: 18/18 MP: 4/4
  1482 | D:2      | Reached skill level 5 in Ranged Weapons
  1785 | D:3      | Noticed Grinder
  1999 | D:3      | Reached skill level 4 in Dodging
  1999 | D:3      | Reached XP level 4. HP: 22/22 MP: 5/5
  2207 | D:3      | Reached XP level 5. HP: 25/25 MP: 6/6
  2318 | D:3      | Killed Grinder
  2319 | D:3      | Reached skill level 6 in Ranged Weapons
  2319 | D:3      | Reached skill level 5 in Dodging
  2319 | D:3      | Reached XP level 6. HP: 19/30 MP: 7/7
  2388 | D:3      | Found a stormy altar of Qazlal.
  2704 | D:4      | Reached skill level 7 in Ranged Weapons
  3109 | D:4      | Reached skill level 6 in Dodging
  3355 | D:5      | Entered Level 5 of the Dungeon
  3434 | D:5      | Reached XP level 7. HP: 33/33 MP: 8/8
  3491 | D:5      | Found a basalt altar of Yredelemnul.
  3598 | D:5      | Found a glowing silver altar of Zin.
  3689 | D:5      | Reached skill level 8 in Ranged Weapons
  3689 | D:5      | Reached skill level 7 in Dodging
  3857 | D:5      | Found an iron altar of Okawaru.
  3910 | D:5      | Found an ornate altar of the Wu Jian Council.
  3927 | D:5      | Found Zuinlov's General Store.
  3935 | D:5      | Bought a scroll of identify for 28 gold pieces
  3984 | D:5      | Found a sand-covered staircase.
  3991 | Ossuary  | Entered an ossuary
  4122 | Ossuary  | Reached XP level 8. HP: 37/37 MP: 9/9
  4807 | D:6      | Reached skill level 9 in Ranged Weapons
  4905 | D:6      | Reached skill level 8 in Dodging
  4927 | D:6      | Found a staircase to the Ecumenical Temple.
  4936 | Temple   | Entered the Ecumenical Temple
  4941 | Temple   | Became a worshipper of Fedhas Madash
  5003 | D:6      | Noticed Menkaure
  5025 | D:6      | Killed Menkaure
  5026 | D:6      | Reached skill level 2 in Fighting
  5026 | D:6      | Reached skill level 1 in Invocations
  5097 | D:6      | Found Muypniq's Antique Armour Shoppe.
  5134 | D:6      | Noticed Prince Ribbit
  5210 | D:6      | Killed Prince Ribbit
  5211 | D:6      | Reached skill level 3 in Fighting
  5211 | D:6      | Reached skill level 3 in Invocations
  5700 | D:6      | Reached skill level 4 in Invocations
  5825 | D:7      | Found Ziehoe's Assorted Antiques.
  5841 | D:7      | Bought a scroll labelled IBAERIEXIE for 30 gold pieces
  5880 | D:7      | Reached XP level 9. HP: 45/45 MP: 13/13
  5994 | D:6      | Reached skill level 4 in Fighting
  6129 | D:7      | Reached * piety under Fedhas
  6376 | D:7      | Reached skill level 5 in Invocations
  6474 | D:7      | Reached skill level 5 in Fighting
  7003 | D:8      | Noticed Maggie
  7003 | D:8      | Found a burning altar of Makhleb.
  7035 | D:8      | Killed Maggie
  7036 | D:8      | Reached skill level 6 in Invocations
  7214 | D:8      | Noticed Psyche
  7227 | D:8      | Killed Psyche
  7314 | D:8      | Reached skill level 6 in Fighting
  7315 | D:8      | Quit the game

Vanquished Creatures
  Psyche (D:8)
  Maggie (D:8)
  Prince Ribbit (D:6)
  Grinder (D:3)
  A steam dragon (D:7)
  Menkaure (D:6)
  A water moccasin (D:7)
  A sky beast (D:7)
  A black bear (D:4)
  An orc warrior (D:6)
  2 ogres (D:6)
  2 centaurs
  2 phantoms (D:5)
  2 kobold brigands (D:5)
  2 bullfrogs
  A gnoll sergeant (D:5)
  2 scorpions
  A killer bee (D:8)
  2 jellies (D:7)
  A centaur zombie (Ossuary)
  2 human zombies (Ossuary)
  3 hounds (D:5)
  A gnoll bouda (D:7)
  An orc priest (D:3)
  6 orc wizards
  3 iguanas
  5 mummies (Ossuary)
  12 gnolls
  9 adders
  A shadow imp (D:6)
  A worm (D:3)
  4 dart slugs
  30 orcs
  2 endoplasms
  4 giant cockroaches
  2 goblins (D:1)
  5 hobgoblins
  A quokka (D:2)
  6 ball pythons
  4 bats
  A frilled lizard (D:1)
  2 gnoll zombies (Ossuary)
  15 kobolds
  A kobold zombie (Ossuary)
  2 orc zombies (Ossuary)
  4 rats
  A spectral orc (D:5)
155 creatures vanquished.

Table legend: (Time is in decaauts)
 A = Elapsed time spent in this place.
 B = Non-inter-level travel time spent in this place.
 C = Inter-level travel time spent in this place.
 D = Time resting spent in this place.
 E = Time spent auto-exploring this place.
 F = Levels seen in this place.
 G = Mean time per level.
                   A        B        C        D        E       F      G
               +--------+--------+--------+--------+--------+-----+--------+
         Total |   5094 |   4871 |    223 |    207 |   3144 |  10 |  509.4 |
       Dungeon |   4795 |   4573 |    222 |    162 |   3052 |   8 |  599.4 |
        Temple |      7 |      7 |      0 |      0 |      0 |   1 |    7.0 |
       Ossuary |    291 |    291 |      0 |     45 |     91 |   1 |  291.0 |
               +--------+--------+--------+--------+--------+-----+--------+

Top non-repeatable levels by time:
     D:7: 862 daAuts
     D:6: 787 daAuts
     D:5: 730 daAuts
     D:1: 648 daAuts
     D:4: 541 daAuts
     D:2: 515 daAuts
     D:3: 507 daAuts
 Ossuary: 291 daAuts
     D:8: 202 daAuts
  Temple: 7 daAuts

Table legend:
 A = Non-vault XP
 B = Vault XP
 C = Vault XP percentage of total XP
 D = Non-vault monster count
 E = Vault monster count
 F = Vault count percentage of total count
                 A         B        C        D         E       F
            +---------+---------+-------+---------+---------+-------
      Total |    2578 |    2338 |  47.6 |     128 |      27 |  17.4
            +---------+---------+-------+---------+---------+-------
        D:1 |      34 |       0 |   0.0 |      15 |       0 |   0.0
        D:2 |      45 |       0 |   0.0 |      12 |       0 |   0.0
        D:3 |     142 |     258 |  64.5 |      21 |       1 |   4.5
        D:4 |     180 |       0 |   0.0 |      13 |       0 |   0.0
        D:5 |     821 |       1 |   0.1 |      20 |       1 |   4.8
        D:6 |     401 |     764 |  65.6 |      17 |       8 |  32.0
        D:7 |     724 |     315 |  30.3 |      24 |       2 |   7.7
        D:8 |     231 |     770 |  76.9 |       6 |       2 |  25.0
    Ossuary |       0 |     230 | 100.0 |       0 |      13 | 100.0
            +---------+---------+-------+---------+---------+-------
